 Dungeon Crawl Stone Soup version 0.21.1-1-g345015fe64 (webtiles) character file.

2018 RepoMan the Destroyer (level 9, -1/62 HPs)
             Began as a Black Draconian Conjurer on June 23, 2018.
             Was a Follower of Vehumet.
             Slain by a slime creature (20 damage)
             ... on level 6 of the Dungeon.
             The game lasted 00:44:28 (8027 turns).

RepoMan the Destroyer (Black Draconian Conjurer)    Turns: 8027, Time: 00:44:28

Health: -1/62      AC:  7    Str: 11    XL:     9   Next: 3%
Magic:  13/18      EV: 12    Int: 19    God:    Vehumet [*.....]
Gold:   268        SH:  5    Dex: 11    Spells: 12/20 levels left

rFire    . . .     SeeInvis .   x - staff of energy
rCold    . . .     Gourm    .   (no shield)
rNeg     . . .     Faith    .   (armour unavailable)
rPois    .         Spirit   .   s - +0 hat
rElec    +         Reflect  +   (no cloak)
rCorr    +         Harm     .   (no gloves)
MR       .....                  (no boots)
Stlth    ++........             j - +5 amulet of reflection
HPRegen  0.20/turn              d - ring of resist corrosion
MPRegen  0.16/turn              (no ring)

@: no status effects
A: breathe lightning, unfitting armour, electricity resistance, cold-blooded, AC
+7
a: Breathe Lightning, Renounce Religion


You were on level 6 of the Dungeon.
You worshipped Vehumet.
Vehumet was aware of your devotion.
You were not hungry.

You visited 2 branches of the dungeon, and saw 7 of its levels.

You collected 268 gold pieces.

Inventory:

Hand Weapons
 p - a +0 blowgun
Missiles
 q - 38 poisoned needles
Armour
 s - a +0 hat (worn)
Magical Staves
 x - an uncursed staff of energy (weapon)
Jewellery
 d - a ring of resist corrosion (left hand)
 j - a +5 amulet of reflection (around neck)
 v - a +4 ring of protection {unknown}
 B - an uncursed ring of wizardry {unknown}
Wands
 t - a wand of random effects (15)
Scrolls
 c - 7 scrolls of teleportation
 e - 5 scrolls of remove curse
 h - 7 scrolls of identify
 i - a scroll of immolation
 k - 2 scrolls of amnesia
 r - a scroll of fear {unknown}
 y - a scroll of noise {unknown}
 C - a scroll of enchant armour {unknown}
Potions
 f - 3 potions of heal wounds {unknown}
 g - a potion of berserk rage {unknown}
 l - a potion of cancellation {unknown}
 m - 5 potions of curing
 n - 3 potions of degeneration {unknown}
 o - a potion of haste
 u - a potion of mutation {unknown}
 w - a potion of might {unknown}
 z - a potion of lignification {unknown}
Books
 a - a book of Conjurations

   Spells                             Type                      Level
   a - Magic Dart                     Conjuration                  1
   b - Searing Ray                    Conjuration                  2
   c - Dazzling Spray                 Conjuration/Hexes            3
   d - Fulminant Prism                Conjuration/Hexes            4
   e - Force Lance                    Conjuration/Translocation    4
   f - Iskenderun's Mystic Blast      Conjuration                  4
Comestibles
 b - 7 rations
 A - 3 chunks of flesh


   Skills:
 - Level 1.7 Dodging
 - Level 1.7 Stealth
 + Level 6.1 Spellcasting
 + Level 9.8 Conjurations
 - Level 2.8 Translocations
 * Level 3.0 Air Magic


You had 12 spell levels left.
You knew the following spells:

 Your Spells              Type           Power        Failure   Level  Hunger
a - Magic Dart            Conj           ####         1%          1    None
b - Searing Ray           Conj           #####.       1%          2    None
f - Force Lance           Conj/Tloc      ####....     8%          4    None
z - Shock                 Conj/Air       ####         1%          1    None


Dungeon Overview and Level Annotations

Branches:
Dungeon (6/15)             Temple (1/1) D:5

Altars:
Ashenzari
Cheibriados
Dithmenos
Elyvilon
Fedhas
Gozag
Kikubaaqudgha
Makhleb
Nemelex Xobeh
Okawaru
Qazlal
Ru
Sif Muna
Trog
Uskayaw
Vehumet
Wu Jian
Xom
Yredelemnul
Zin
The Shining One

Shops:
D:4 (

Annotations:
D:4 LilDood's ghost, amateur TrBe; Menkaure


Innate Abilities, Weirdness & Mutations

You can breathe wild blasts of lightning.
Your glossy black scales are hard. (AC +7)
You cannot fit into any form of body armour.
You are resistant to electric shocks. (rElec)
You are cold-blooded and may be slowed by cold attacks.


Message History

The slime creature hits you!
Casting: Shock
Confirm with . or Enter, or press ? or * to list all spells.
Aiming: Shock
Press: ? - help, Shift-Dir - straight line The zap hits the slime creature.
The slime creature is heavily wounded.
The zap hits the slime creature.
The slime creature is heavily wounded.
The slime creature hits you!!
Casting: Shock
Confirm with . or Enter, or press ? or * to list all spells.
Aiming: Shock
Press: ? - help, Shift-Dir - straight line The zap hits the slime creature.
The slime creature is heavily wounded.
The zap hits the slime creature.
The slime creature is heavily wounded.
The slime creature hits you!!
You die...

#..#.# ## #<.#.# ###P
##...# ###P.P #....#
###P≈PPP ## #.#..####
###P≈.P≈♣≈ .#
#.#.....######≈≈PP♣≈≈≈P
.#
#...>.#.#..PPP≈≈≈♣≈≈P≈.
.#
#.###.#J#.PPP(≈≈♣PP≈P.#
.#
#.#...@...≈P≈♣)≈♣P....#
.#
#.#..##.#.P≈≈≈♣♣≈≈.P...
.#
#....##.#.)P≈≈≈≈♣PP..#.
.#
####....##PPP≈♣♣≈≈P..##
.# ########≈PPP≈≈≈♣≈≈P≈
.# #.≈≈≈P≈♣≈♣≈≈≈ .#
#.....≈PPP≈P♣ ##
###.....P..≈P
#.....#####


You could see a slime creature.

Vanquished Creatures
  Duvessa (D:6)
  A sky beast (D:5)
  A necrophage (D:6)
  2 phantoms (D:4)
  3 ogres
  2 centaurs (D:6)
  A howler monkey (D:4)
  2 electric eels (D:6)
  A crimson imp (D:4)
  10 jellies (D:6)
  2 hounds (D:5)
  3 orc priests
  5 orc wizards
  2 bullfrog skeletons
  Ijyb (D:5)
  2 iguanas
  4 worker ants
  3 adders
  A shadow imp (D:5)
  5 oozes (D:6)
  4 worms
  2 dart slugs (D:3)
  4 leopard geckos
  26 orcs
  4 ball pythons
  5 bats
  4 giant cockroaches
  9 goblins
  10 hobgoblins
  12 jackals
  A quokka (D:5)
  9 frilled lizards
  A jackal skeleton (D:4)
  A jackal zombie (D:4)
  9 kobolds
  2 quokka skeletons
  8 rats
  A plant (D:6)
164 creatures vanquished.

Vanquished Creatures (others)
  Dowan (D:6)
  4 fungi (D:6)
  5 plants
10 creatures vanquished.

Grand Total: 174 creatures vanquished

Notes
Turn   | Place    | Note
-------+----------+-------------------------------------------
     0 | D:1      | RepoMan the Draconian Conjurer began the quest for the Orb.
     0 | D:1      | Reached XP level 1. HP: 14/14 MP: 3/3
   236 | D:1      | Reached XP level 2. HP: 20/20 MP: 0/5
   327 | D:1      | Learned a level 2 spell: Searing Ray
   929 | D:2      | Reached XP level 3. HP: 26/26 MP: 3/6
  1545 | D:2      | Reached skill level 5 in Conjurations
  1734 | D:2      | Found an ornate altar of the Wu Jian Council.
  1734 | D:2      | Found a white marble altar of Elyvilon.
  1734 | D:2      | Found a hide-covered altar of Uskayaw.
  1734 | D:2      | Found a glowing silver altar of Zin.
  1744 | D:2      | Found a shadowy altar of Dithmenos.
  1744 | D:2      | Found a shattered altar of Ashenzari.
  2207 | D:3      | Reached XP level 4. HP: 33/33 MP: 5/8
  3001 | D:3      | Found a snail-covered altar of Cheibriados.
  3319 | D:4      | Reached XP level 5. HP: 24/38 MP: 2/9
  3442 | D:4      | Found a blossoming altar of Fedhas.
  3442 | D:4      | Found a basalt altar of Yredelemnul.
  3442 | D:4      | Noticed Menkaure
  3584 | D:4      | Reached skill level 6 in Conjurations
  3647 | D:4      | Noticed an ogre
  3652 | D:4      | Noticed a phantom
  3750 | D:4      | Noticed an ogre
  3995 | D:4      | Killed an ogre
  3995 | D:4      | Reached XP level 6. HP: 32/45 MP: 2/11
  4199 | D:4      | Reached skill level 7 in Conjurations
  4661 | D:4      | Your scales start taking on a glossy black colour.
  4661 | D:4      | Reached XP level 7. HP: 50/50 MP: 8/13
  4661 | D:4      | Gained mutation: You are resistant to electric shocks. (rElec) [Black Draconian growth]
  4670 | D:4      | Noticed LilDood's ghost (amateur TrBe)
  4755 | D:4      | Found Lepu's Antique Weapon Shoppe.
  5194 | D:5      | Entered Level 5 of the Dungeon
  5201 | D:5      | Found a shimmering altar of Xom.
  5217 | D:5      | Found a shimmering altar of Xom.
  5335 | D:5      | Reached skill level 8 in Conjurations
  5388 | D:5      | Noticed Ijyb
  5482 | D:4      | Reached skill level 5 in Spellcasting
  5572 | D:4      | Learned a level 4 spell: Force Lance
  5590 | D:5      | Killed Ijyb
  5627 | D:5      | Reached XP level 8. HP: 56/57 MP: 2/15
  5694 | D:5      | Reached skill level 1 in Translocations
  5743 | D:5      | Found a shimmering altar of Xom.
  5743 | D:5      | Found a shimmering altar of Xom.
  5744 | D:5      | Found a shimmering altar of Xom.
  5744 | D:5      | Found a shimmering altar of Xom.
  5744 | D:5      | Found a shimmering altar of Xom.
  5745 | D:5      | Found a shimmering altar of Xom.
  6287 | D:5      | Found a staircase to the Ecumenical Temple.
  6343 | Temple   | Entered the Ecumenical Temple
  6468 | Temple   | Became a worshipper of Vehumet
  6898 | D:6      | Reached skill level 9 in Conjurations
  7341 | D:6      | Reached * piety under Vehumet
  7341 | D:6      | Offered knowledge of Shock by Vehumet.
  7344 | D:6      | Learned a level 1 spell: Shock
  7421 | D:6      | Reached skill level 1 in Air Magic
  7454 | D:6      | Noticed Dowan
  7455 | D:6      | Noticed Duvessa
  7487 | D:6      | Your ally died
  7488 | D:6      | Killed Duvessa
  7496 | D:6      | Found a stormy altar of Qazlal.
  7858 | D:6      | Reached XP level 9. HP: 53/62 MP: 12/18
  8027 | D:6      | Slain by a slime creature

Skill      XL: |  1  2  3  4  5  6  7  8  9 |
---------------+----------------------------+-----
Conjurations   | 5 6 7 8 9 |  9.8
Spellcasting   | 3 4 5 6 |  6.1
Translocations | 2 |  2.8
Air Magic      | 2 3 |  3.0
Dodging        | |  1.7
Stealth        | |  1.7

Action                   |  1- 3 |  4- 6 |  7- 9 || total
-------------------------+-------+-------+-------++-------
Melee: Unarmed           |    23 |     5 |       ||    28
       Tailslap          |     4 |     2 |     3 ||     9
       Staff             |       |    11 |    29 ||    40
 Fire: Blowgun           |       |       |     2 ||     2
 Cast: Magic Dart        |    91 |    63 |    77 ||   231
       Searing Ray       |     4 |    22 |    36 ||    62
       Shock             |       |       |    46 ||    46
 Abil: Breathe Lightning |       |       |     8 ||     8
Evoke: Wand              |       |       |     2 ||     2
  Use: Scroll            |       |     8 |     3 ||    11
       Potion            |       |       |     1 ||     1
  Eat: Chunk             |     5 |     8 |     6 ||    19
       Ration            |       |       |     2 ||     2
Armor: Skin              |    10 |    13 |    27 ||    50
Dodge: Dodged            |    18 |    29 |    74 ||   121
Block: Other             |       |       |    30 ||    30
       Reflection        |       |       |     4 ||     4
